 Dungeon Crawl Stone Soup version 0.28.0-1-gb440e238dd (webtiles) character file.

Game seed: 6989637230124427819

1036 mortz the Covered (level 8, -3/60 HPs)
             Began as a Human Fighter on Feb 23, 2022.
             Was an Initiate of Okawaru.
             Slain by Duvessa (6 damage)
             ... on level 4 of the Dungeon.
             The game lasted 00:33:57 (6057 turns).

mortz the Covered (Human Fighter)                   Turns: 6057, Time: 00:33:58

Health: -3/60      AC: 12    Str: 19    XL:     8   Next: 48%
Magic:  8/8        EV: 10    Int:  9    God:    Okawaru [......]
Gold:   257        SH:  4    Dex: 12    Spells: 7/7 levels left

rFire   . . .      SeeInvis .   s - +2 dagger (vamp)
rCold   . . .      Faith    .   c - +0 buckler
rNeg    . . .      Spirit   .   b - +0 scale mail
rPois   .          Reflect  .   (no helmet)
rElec   .          Harm     .   (no cloak)
rCorr   .          Rampage  .   (no gloves)
Will    .....                   g - +0 pair of boots
Stlth   ..........              (no amulet)
HPRegen 0.20/turn               n - +4 ring of protection
MPRegen 0.11/turn               (no ring)

@: lit by a corona, glowing
A: no striking features
a: Renounce Religion


You were on level 4 of the Dungeon.
You worshipped Okawaru.
Okawaru was noncommittal.
You visited 2 branches of the dungeon, and saw 5 of its levels.

You collected 257 gold pieces.

Inventory:

Hand Weapons
 a - a +0 long sword
 o - a +8 club
 s - a +2 vampiric dagger (weapon)
 v - a +0 trident
Missiles
 f - 144 stones
 q - 64 sling bullets
 r - 15 poisoned darts (quivered)
Armour
 b - a +0 scale mail (worn)
 c - a +0 buckler (worn)
 d - a +1 robe of willpower
 g - a +0 pair of boots (worn)
Jewellery
 n - a +4 ring of protection (left hand)
Scrolls
 e - 2 scrolls of teleportation {unknown}
 h - a scroll of acquirement {unknown}
 k - a scroll of holy word {unknown}
 l - 5 scrolls of identify {unknown}
 m - a scroll of blinking {unknown}
 u - a scroll of summoning {unknown}
Potions
 i - a potion of attraction {unknown}
 j - 2 potions of lignification {unknown}
 p - 2 potions of curing {unknown}
 t - a potion of degeneration {unknown}
 w - a potion of brilliance {unknown}
 x - a potion of cancellation {unknown}


   Skills:
 + Level 4.2 Fighting
 + Level 3.2 Long Blades
 + Level 3.3 Maces & Flails
 + Level 4.4 Throwing
 + Level 5.9 Armour
 + Level 1.8 Dodging
 + Level 0.5 Stealth
 + Level 3.5 Shields


You had 7 spell levels left.
You didn't know any spells.
Your spell library contained the following spells:

 Spells                   Type           Power      Damage    Failure   Level
 Pain                     Necr           0%         1d4       83%         1
 Agony                    Necr           0%         N/A       100%        5
 Excruciating Wounds      Necr           0%         N/A       100%        5


Dungeon Overview and Level Annotations

Branches:
Dungeon (4/15)             Temple (1/1) D:4

Altars:
Gozag
Hepliaklqana
Kikubaaqudgha
Nemelex Xobeh
Okawaru
Ru
Trog
Wu Jian
Xom
The Shining One

Annotations:
D:4 Dowan, Duvessa


Message History

You barely miss Duvessa.
Duvessa is heavily wounded.
The giant cockroach bites you but does no damage.
You block Dowan's attack.
Duvessa says, "When magic and the sword combine, nothing stands against them."
Duvessa misses you. The giant cockroach closely misses you.
You hit Dowan.
Dowan is severely wounded.
Dowan looks more healthy.
Duvessa hits you with a +0 short sword. Dowan hits you with a +0 dagger.
The giant cockroach barely misses you.
You hit Dowan.
You feel better.
Dowan is almost dead.
Duvessa barely misses you.
Dowan points at you and mumbles some strange words.
The puff of frost hits you. The giant cockroach closely misses you.
You closely miss Dowan.
Dowan is almost dead.
Duvessa hits you with a +0 short sword.
* * * LOW HITPOINT WARNING * * *
You block Dowan's attack.
The giant cockroach bites you but does no damage.
You completely miss Dowan.
Dowan is almost dead.
The giant cockroach bites you but does no damage.
You block Dowan's attack. Duvessa hits you with a +0 short sword!
* * * LOW HITPOINT WARNING * * *
You hit Dowan but do no damage.
Dowan is almost dead.
The giant cockroach barely misses you. Dowan casts a spell at you.
The puff of frost hits you.
* * * LOW HITPOINT WARNING * * *
Duvessa barely misses you.
You barely miss Dowan.
Dowan is almost dead.
The giant cockroach bites you but does no damage.
Dowan hits you with a +0 dagger.
* * * LOW HITPOINT WARNING * * *
Duvessa hits you with a +0 short sword.
You die...

# #.## #........#.......#
#. # #..#
#........#.......# #. #
##.## #........#########
#. ####..###.........(#
#.
#........########†'####
#. #........#
##≈≈≈(.≈≈≈## #.
#........# ##≈≈..(...≈≈#
##
#........###≈≈.ee##...≈≈#
# #(.......##§≈..B@#
....≈≈ #
#.......##≈§§....# .....§
# #######+#≈≈......#
...§.. # ### ≈§.....##
..... # ..#######≈.....#
.... # #.##....#≈§#### #
#.##....#§. # #.##....# #
#.##....#


You could see Duvessa, Dowan and a giant cockroach.

Vanquished Creatures
  Pikel (D:4)
  A black bear (D:4)
  2 ogres (D:4)
  Blork the orc (D:4)
  2 jellies
  An iguana (D:4)
  Jessica (D:2)
  6 adders
  A worm (D:2)
  2 dart slugs (D:3)
  2 orcs (D:4)
  10 bats
  13 endoplasms
  3 giant cockroaches (D:2)
  7 goblins
  5 hobgoblins
  2 jackals (D:2)
  6 quokkas
  7 ball pythons
  8 frilled lizards
  16 kobolds
  3 rats
100 creatures vanquished.

Vanquished Creatures (others)
  6 fungi (D:4)
  A plant (D:3)
  7 toadstools (D:4)
14 creatures vanquished.

Grand Total: 114 creatures vanquished

Notes
Turn   | Place    | Note
-------+----------+-------------------------------------------
     0 | D:1      | mortz the Human Fighter began the quest for the Orb.
     0 | D:1      | Reached XP level 1. HP: 18/18 MP: 1/1
   284 | D:1      | Reached XP level 2. HP: 23/24 MP: 2/2
   593 | D:1      | Found a faded altar of an unknown god.
   611 | D:1      | Reached XP level 3. HP: 28/29 MP: 3/3
  1469 | D:2      | Reached XP level 4. HP: 33/35 MP: 4/4
  1834 | D:2      | Noticed Jessica
  1852 | D:2      | Killed Jessica
  2146 | D:3      | Reached skill level 1 in Throwing
  2146 | D:3      | Reached XP level 5. HP: 40/41 MP: 5/5
  2231 | D:3      | Reached skill level 4 in Armour
  2379 | D:3      | Reached skill level 1 in Dodging
  3421 | D:4      | Noticed a lemure
  3421 | D:4      | Noticed Pikel
  3423 | D:4      | Noticed a lemure
  3426 | D:4      | Noticed a lemure
  3428 | D:4      | Noticed a lemure
  3443 | D:4      | Killed Pikel
  3444 | D:4      | Reached XP level 6. HP: 7/48 MP: 6/6
  3444 | D:4      | Reached XP level 7. HP: 8/53 MP: 7/7
  3774 | D:4      | Found a staircase to the Ecumenical Temple.
  3785 | D:4      | Reached skill level 5 in Armour
  3810 | Temple   | Entered the Ecumenical Temple
  4005 | Temple   | Became a worshipper of Warmaster Okawaru
  4108 | D:4      | Reached XP level 8. HP: 11/60 MP: 8/8
  4472 | D:4      | Found a sparkling altar of Nemelex Xobeh.
  5189 | D:4      | Noticed Blork the orc
  5205 | D:4      | Killed Blork the orc
  5563 | D:4      | HP: 3/60 [frozen (2)]
  6027 | D:4      | Noticed Duvessa
  6027 | D:4      | Noticed Dowan
  6057 | D:4      | HP: 3/60 [Dowan (2)]
  6057 | D:4      | Slain by Duvessa

Illustrated notes

Levels and vault maps discovered:
D:1:      minmay_arrival_shattered_statue, layout_loops_ring,
          basic_ecumenical_altar, chequers_serial_rivers_micro_a, minivault_24
D:2:      layout_loops_cross, uniq_jessica
D:3:      cheibrodos_old_hovel, layout_basic
D:4:      cheibrodos_fertilizer, layout_basic, nemelex_spade_bored_becter,
          minmay_temple_entry_offerings, kennysheep_cross_room, uniq_pikel,
          uniq_blork_the_orc, uniq_duvessa
Temple:   minmay_temple_forest_path

Skill      XL: |  1  2  3  4  5  6  7  8 |
---------------+-------------------------+-----
Long Blades    | 3 |  3.2
Throwing       | 1 3 4 |  4.4
Armour         | 4 5 |  5.9
Dodging        | 1 |  1.8
Maces & Flails | 2 3 |  3.3
Fighting       | 4 |  4.2
Stealth        | |  0.5
Shields        | |  3.5

Action                   |  1- 3 |  4- 6 |  7- 9 || total
-------------------------+-------+-------+-------++-------
Melee: Long sword        |    91 |    38 |       ||   129
       Club              |       |    56 |    76 ||   132
       Dagger            |       |       |    37 ||    37
Throw: Stone             |     4 |    63 |    41 ||   108
       Dart              |       |    24 |    15 ||    39
  Use: Potion            |       |     1 |       ||     1
Armor: Scale mail        |    50 |    49 |    48 ||   147
Dodge: Dodged            |    55 |    32 |    48 ||   135
Block: Buckler           |    16 |    17 |    23 ||    56
